 Dungeon Crawl Stone Soup version 0.31-a0-1074-g0b22e4e0f1 (webtiles) character file.

Game seed: 14633089545609402597

272 Curundu the Chopper (level 6, -5/53 HPs)
             Began as a Draconian Berserker on Dec 2, 2023.
             Was a Believer of Trog.
             Slain by an ogre
             ... wielding a +0 giant spiked club
              (24 damage)
             ... on level 4 of the Dungeon.
             The game lasted 00:16:04 (2664 turns).

Curundu the Chopper (Draconian Berserker)           Turns: 2664, Time: 00:16:05

Health: -5/53      AC:  6    Str: 19    XL:     6   Next: 2%
Magic:  6/6        EV: 14    Int:  8    God:    Trog [**....]
Gold:   152        SH:  0    Dex: 18    Spells: 5/5 levels left

rFire   . . .        l - +1 whip (vamp)
rCold   . . .        (no shield)
rNeg    . . .        (body armour unavailable)
rPois   .            (helmet restricted)
rElec   .            (no cloak)
rCorr   .            (no gloves)
SInv    .            (no boots)
Will    .....        (no amulet)
Stlth   ++           p - +6 ring of dexterity
HPRegen 0.28/turn    (no ring)
MPRegen 0.10/turn

%: no passive effects
@: no status effects
A: AC +6, unfitting armour, cold-blooded
a: Renounce Religion, Berserk, Trog's Hand


You were on level 4 of the Dungeon.
You worshipped Trog.
Trog was pleased with you.
You visited 1 branch of the dungeon, and saw 4 of its levels.

You collected 152 gold pieces.

Inventory:

Hand Weapons
 a - a +0 hand axe
 l - a +1 vampiric whip (weapon)
 n - a +0 sling
Missiles
 c - 53 stones
 q - 2 boomerangs
Jewellery
 h - an amulet of guardian spirit
 p - a +6 ring of dexterity (left hand)
Wands
 j - a wand of iceblast (4)
Scrolls
 d - 2 scrolls of teleportation
 e - a scroll of fog
 g - a scroll of fear
 i - 2 scrolls of enchant armour
Potions
 b - a potion of magic {unknown}
 f - 3 potions of mutation
 k - a potion of attraction {unknown}
 m - 3 potions of resistance
 o - a potion of ambrosia {unknown}
 r - 2 potions of curing {unknown}


   Skills:
 + Level 4.4 Fighting
 + Level 4.6(4.8) Axes
 + Level 1.7(3.4) Maces & Flails
 + Level 3.8 Dodging
 + Level 1.4 Stealth


You had 5 spell levels left.
You didn't know any spells.
Your spell library contained the following spells:

 Spells                   Type           Power      Damage    Failure   Level
 Ensorcelled Hibernation  Hex/Ice        0%         N/A       54%         2
 Passwall                 Tmut/Erth      0%         N/A       54%         2
 Ozocubu's Armour         Ice            0%         N/A       78%         3
 Swiftness                Air            0%         N/A       78%         3
 Ozocubu's Refrigeration  Ice            0%         4d7       100%        7


Dungeon Overview and Level Annotations

Branches:
Dungeon (4/15)             Temple (0/1) D:4

Altars:


Innate Abilities, Weirdness & Mutations

Your plain brown scales are hard. (AC +6)
You cannot fit into any form of body armour.
You are cold-blooded and may be slowed by cold attacks.


Message History

You hit the black bear.
You feel better.
You kill the black bear!
Trog accepts your kill. The goblin hits you but does no damage.
The orc warrior closely misses you. The ogre barely misses you.
Your base Maces & Flails skill increases to level 1!
You have reached level 6!
Your scales feel tougher.
You hit the ogre.
You feel better.
The ogre is lightly wounded.
The orc warrior hits you from afar with a +0 trident.
The goblin completely misses you.
You hit the ogre.
You feel better.
The ogre is lightly wounded.
The ogre misses you. The goblin hits you but does no damage.
The orc warrior throws a boomerang.
The boomerang misses you.
You closely miss the ogre.
The ogre is lightly wounded.
The goblin hits you but does no damage. The ogre barely misses you.
The orc warrior hits you from afar with a +0 trident!
You hit the ogre.
The ogre is moderately wounded.
You hit the ogre.
You feel better.
Your tail-slap misses the ogre.
The ogre is heavily wounded.
The goblin closely misses you. The orc warrior barely misses you.
The ogre hits you with a +0 giant spiked club!
You hit the ogre.
You feel better.
The ogre is heavily wounded.
The goblin hits you but does no damage. The orc warrior misses you.
The kobold closely misses you.
You hit the ogre.
You feel better.
The ogre is severely wounded.
The goblin hits you but does no damage. The kobold closely misses you.
The ogre barely misses you. The orc warrior barely misses you.
You hit the ogre but do no damage.
The ogre is severely wounded.
The goblin misses you. The kobold hits you but does no damage.
The orc warrior closely misses you.
The ogre hits you with a +0 giant spiked club!!
You die...

#... .# # ## #...
.#.# .# #...# .#.#
.# #...## #... .#
####....###..# ##
#..........o######
#........gKO......
#.........@.#
#######...........#
......#...........#
#####.#...........#
#.#...........#
#.#.......[...#
#.#...........#
#..........####
##########.#


You could see an orc warrior, an ogre, a goblin and a kobold.

Vanquished Creatures
  A black bear (D:4)
  An iguana (D:4)
  5 gnolls
  3 adders (D:2)
  2 worms
  2 dart slugs
  6 orcs
  7 endoplasms
  3 giant cockroaches
  5 goblins
  4 hobgoblins
  4 jackals (D:4)
  3 quokkas
  3 ball pythons
  5 bats
  A frilled lizard (D:2)
  4 kobolds
  5 rats
64 creatures vanquished.

Notes
Turn   | Place    | Note
-------+----------+-------------------------------------------
     0 | D:1      | Curundu the Draconian Berserker began the quest for the
                  | Orb.
     0 | D:1      | Reached XP level 1. HP: 19/19 MP: 1/1
   575 | D:1      | Reached XP level 2. HP: 19/27 MP: 2/2
   877 | D:2      | Reached XP level 3. HP: 30/33 MP: 3/3
   917 | D:2      | Reached ** piety under Trog
  1424 | D:2      | Reached XP level 4. HP: 40/40 MP: 4/4
  1493 | D:2      | Found a faded altar of an unknown god.
  1813 | D:3      | Reached skill level 1 in Stealth
  2363 | D:4      | Reached XP level 5. HP: 38/46 MP: 5/5
  2418 | D:4      | Found a staircase to the Ecumenical Temple.
  2641 | D:4      | Noticed a black bear
  2646 | D:4      | Noticed an orc warrior
  2649 | D:4      | Noticed an ogre
  2656 | D:4      | Killed a black bear
  2657 | D:4      | Reached skill level 1 in Maces & Flails
  2657 | D:4      | Reached XP level 6. HP: 29/53 MP: 6/6
  2664 | D:4      | Slain by an ogre

Illustrated notes

Levels and vault maps discovered:
D:1:      beargit_arrival_diablo_church, layout_loops_ring, minmay_ruptured
D:2:      layout_loops_ring, dilly_ecumenical_altar_fadedgnrine
D:3:      layout_basic, kennysheep_generic_room_15
D:4:      layout_basic, minmay_temple_entry_mini_moons, minmay_manual_maat

Skill      XL: |  1  2  3  4  5 |
---------------+----------------+-----
Dodging        | 3 |  3.8
Axes           | 4 |  4.6
Fighting       | 4 |  4.4
Stealth        | 1 |  1.4
Maces & Flails | 1 |  1.7

Action                     |  1- 3 |  4- 6 || total
---------------------------+-------+-------++-------
  Melee: Hand axe          |    82 |    53 ||   135
         Tailslap          |    11 |    25 ||    36
         Punch             |     1 |     1 ||     2
         Whip              |       |    75 ||    75
    Use: Scroll            |       |     6 ||     6
   Stab: Sleeping          |     3 |     1 ||     4
 Armour: Skin              |    46 |   105 ||   151
  Dodge: Dodged            |    75 |   130 ||   205

Table legend: (Time is in decaauts)
 A = Elapsed time spent in this place.
 B = Non-inter-level travel time spent in this place.
 C = Inter-level travel time spent in this place.
 D = Time resting spent in this place.
 E = Time spent auto-exploring this place.
 F = Levels seen in this place.
 G = Mean time per level.
                   A        B        C        D        E       F      G
               +--------+--------+--------+--------+--------+-----+--------+
         Total |   2678 |   2678 |      0 |    265 |      0 |   4 |  669.5 |
       Dungeon |   2678 |   2678 |      0 |    265 |      0 |   4 |  669.5 |
               +--------+--------+--------+--------+--------+-----+--------+

Top non-repeatable levels by time:
     D:2: 929 daAuts
     D:1: 879 daAuts
     D:3: 555 daAuts
     D:4: 314 daAuts
